Description

Solid protoss gameplay

Replay - Port_Aleksander_LE_96

Build Order

Get SALT Encoding   

  12  0:01  Probe  
  13  0:13  Probe  
  14  0:19  Pylon  
  14  0:22  Probe  
  15  0:33  Probe  
  15  0:38  Gateway  
  16  0:44  Probe  
  16  0:47  Assimilator  
  17  0:54  Probe  
  18  0:57  Assimilator  
  18  1:02  Probe  
  18  1:10  Probe, Gateway  
  20  1:22  Probe  
  21  1:26  Cybernetics Core  
  21  1:34  Probe  
  21  1:37  Pylon  
  24  2:04  Sentry, Stalker  
  24  2:07  Warp Gate  
  28  2:12  Pylon  
  29  2:30  Stalker x2  
  32  2:39  Phoenix  
  33  3:00  Stalker  
  35  3:07  Nexus  
  36  3:22  Sentry  
  36  3:24  Pylon  
  39  3:42  Twilight Council  
  41  3:56  Blink  
  41  3:58  Stalker x2  
  45  4:09  Pylon  
  52  4:40  Stalker x2  
  56  4:52  Robotics Facility  
  59  5:05  Stalker x2  
  66  5:17  Assimilator  
  66  5:23  Gateway x2  
  66  5:38  Gateway x3  
  66  5:39  Observer  
  68  5:50  Resonating Glaives  
  68  5:56  Gateway  
  68  6:04  Warp Prism  
  68  6:07  Adept x2  
  74  6:26  Adept x2  
  78  6:35  Adept x4  
  83  7:12  Adept x2  
  79  8:06  Sentry x2  
Spawning Tool Build Advisor. Get it on Overwolf

Go to:

Details

  • Created by: Aggression
  • Published on: Mar 10, 2019
  • Modified on: Mar 10, 2019
  • Patch: 4.7.1
Show
View Real Time Build Order
Export as new Build Order

Comments (0)

There are no comments. Be the first!

Create an account to comment!